 Dungeon Crawl Stone Soup version 0.30-a0-830-gfe289a77b0 (webtiles) character file.

Game seed: 17483895319095814160

2089 zenocrate the Martial Artist (level 9, 0/79 HPs)
             Began as an Octopode Transmuter on Feb 28, 2023.
             Was an Initiate of Makhleb.
             Slain by a troll (9 damage)
             ... on level 7 of the Dungeon.
             The game lasted 00:09:34 (6803 turns).

zenocrate the Martial Artist (Octopode Transmuter)  Turns: 6803, Time: 00:09:35

Health: 0/79       AC:  1    Str: 10    XL:     9   Next: 27%
Magic:  11/12      EV: 13    Int: 19    God:    Makhleb [......]
Gold:   172        SH:  5    Dex: 18    Spells: 3/12 levels left

rFire   . . .      SeeInvis .      - Unarmed
rCold   + . .      Faith    .    (no shield)
rNeg    . . .      Spirit   .    (helmet currently unavailable)
rPois   .          Reflect  +    C - amulet of reflection
rElec   .          Harm     .    j - ring of flight
rCorr   .          Rampage  .    B - +6 ring of dexterity
Will    .....                    H - ring of ice Stlth
                                 F - ring of protection from fire
HPRegen 0.33/turn                (no ring)
MPRegen 0.13/turn                (no ring)
                                 (no ring)
                                 (no ring)

@: berserking, appendages, flying, very quick
A: tentacle spike 3, almost no armour, amphibious, 8 rings, camouflage 1,
gelatinous body 1, (nimble swimmer 1), tentacles
a: End Transformation, Renounce Religion


You were on level 7 of the Dungeon.
You worshipped Makhleb.
Makhleb was noncommittal.
One of your tentacles had grown a beastly spike.
You visited 2 branches of the dungeon, and saw 8 of its levels.

You collected 274 gold pieces.
You spent 102 gold pieces at shops.

Inventory:

Hand Weapons
 a - the +7 sling "Hivam" {heavy, rF+ rC+ rN+ MP+9}
   (You found it on level 6 of the Dungeon)

   rF:        It protects you from fire.
   rC:        It protects you from cold.
   rN:        It protects you from negative energy.
   MP:        It affects your magic capacity (+9).
Missiles
 p - 11 boomerangs
 w - 13 poisoned darts (quivered)
Armour
 d - a +1 hat (melded)
 I - a +0 kite shield
Jewellery
 j - a ring of flight (left tentacle)
 k - a ring of fire
 v - a ring of fire
 B - a +6 ring of dexterity (right tentacle)
 C - an amulet of reflection (around mantle)
 F - a ring of protection from fire (on tentacle)
 H - a ring of ice (on tentacle)
Scrolls
 b - a scroll of fog {unknown}
 e - 4 scrolls of vulnerability
 g - a scroll of immolation {unknown}
 o - 2 scrolls of teleportation {unknown}
 q - 2 scrolls of enchant weapon {unknown}
 s - a scroll of blinking {unknown}
 t - 2 scrolls of amnesia {unknown}
 A - a scroll of noise {unknown}
 G - 2 scrolls of brand weapon {unknown}
 J - a scroll of silence {unknown}
 L - a scroll of fear {unknown}
 M - a scroll of butterflies {unknown}
 N - a scroll of enchant armour {unknown}
Potions
 c - 2 potions of invisibility
 f - a potion of mutation {unknown}
 h - 2 potions of curing
 i - 3 potions of attraction
 l - a potion of berserk rage
 m - a potion of brilliance {unknown}
 n - a potion of heal wounds {unknown}
 r - 4 potions of flight {unknown}
 u - 2 potions of magic {unknown}
 x - a potion of might {unknown}
 z - 2 potions of cancellation {unknown}
 D - a potion of degeneration {unknown}
 E - a potion of ambrosia {unknown}


   Skills:
 - Level 1.0 Fighting
 - Level 2.0 Dodging
 - Level 1.0 Stealth
 + Level 8.4 Unarmed Combat
 - Level 2.0 Spellcasting
 + Level 8.1 Transmutations
 - Level 4.1 Ice Magic


You had 3 spell levels left.
You knew the following spells:

 Your Spells              Type           Power      Damage    Failure   Level
a - Beastly Appendage     Tmut           64%        N/A       1%          1
b - Wereblood             Tmut           32%        N/A       1%          2
c - Ice Form              Ice/Tmut       37%        N/A       14%         4
d - Blink                 Tloc           2%         N/A       26%         2

Your spell library contained the following spells:

 Spells                   Type           Power      Damage    Failure   Level
 Spider Form              Tmut/Pois      17%        N/A       10%         3
 Slow                     Hex            4%         N/A       17%         1
 Static Discharge         Conj/Air       2%         2-3/arc   26%         2
 Confusing Touch          Hex            1%         N/A       45%         3
 Vampiric Draining        Necr           1%         2d6       45%         3
 Vhi's Electric Charge    Tloc/Air       2%         N/A       45%         3
 Manifold Assault         Tloc           1%         N/A       86%         4
 Arcjolt                  Conj/Air       0%         1d10      99%         5
 Lightning Bolt           Conj/Air       0%         1d11      99%         5
 Storm Form               Tmut/Air       8%         N/A       100%        7
 Maxwell's Capacitive Co  Air            0%         ∞         100%        8


Dungeon Overview and Level Annotations

Branches:
Dungeon (7/15)             Temple (1/1) D:7

Altars:
Ashenzari
Elyvilon
Fedhas
Gozag
Hepliaklqana
Kikubaaqudgha
Makhleb
Nemelex Xobeh
Okawaru
Qazlal
Ru
Sif Muna
Trog
Uskayaw
Vehumet
Wu Jian
Xom
Yredelemnul
Zin
The Shining One

Shops:
D:2 :   D:5 :   D:6 *


Innate Abilities, Weirdness & Mutations

One of your tentacles has grown a beastly spike.
You cannot wear most types of armour.
You are amphibious.
You can wear up to eight rings at the same time.
Your skin changes colour to match your surroundings (Stealth+).
Your rubbery body absorbs attacks. (AC +1, EV +1)
((You are camouflaged when in or above water. (Stealth+)))
You have tentacles for arms and can constrict up to eight enemies at once.


Message History

There is an open door here.
There is an open door here.
Key pressed, stopping explore.
Found a stone staircase leading up.
A troll comes into view.
The troll shouts!
Aiming: Quicksilver Bolt
Press: ? - help, Shift-Dir - straight line, f - troll
Aim: a troll (71% to hit)
The bolt of dispelling energy hits the troll!
The troll is heavily wounded.
The now-empty wand crumbles to dust.
Casting: Wereblood (safe; 1% risk of failure)
Confirm with . or Enter, or press ? or * to list all spells.
One of your tentacles grows a vicious spike.
Your +1 hat melds into your body.
You tentacle-slap the troll.
You pierce the troll, but do no damage.
The troll is heavily wounded.
The troll bites you. The troll claws you! The troll closely misses you.
You tentacle-slap the troll.
You pierce the troll.
The troll is severely wounded.
The troll bites you! The troll claws you. The troll closely misses you.
You barely miss the troll.
You pierce the troll, but do no damage.
Your squeeze misses the troll.
The troll is severely wounded.
The troll misses you. The troll closely misses you. The troll claws you.
You completely miss the troll. You squeeze the troll.
The troll is severely wounded.
The troll closely misses you. The troll claws you!
* * * LOW HITPOINT WARNING * * *
The troll claws you.
* * * LOW HITPOINT WARNING * * *
You aren't carrying any items that you can evoke.
Unknown command.
A red film seems to cover your vision as you go berserk!
You feel yourself moving faster!
You feel mighty! The troll barely misses you. The troll claws you.
* * * LOW HITPOINT WARNING * * *
The troll claws you!
You die...

..... #.#
..... .⌠.
...... ##.#
#..... #.#.#
#....###. #.#
###..
......###.##
....
#.T.##...##...
#@.#.....#..
##...#.#...#
#####.##.##
#...#.#
#.....#######.
#...#.......<.
#####.########
#.#
#########.#


You could see a troll.

Vanquished Creatures
  2 orc warriors
  2 black bears
  2 ice beasts
  3 ogres
  A centaur (D:6)
  A phantom (D:4)
  3 bullfrogs
  2 wyvern zombies (D:7)
  A scorpion (D:7)
  2 wights (D:7)
  A bullfrog zombie (D:7)
  A centaur zombie (D:7)
  6 orc priests
  4 hounds
  A jelly (D:6)
  An iguana (D:6)
  3 orc wizards
  A killer bee zombie (D:7)
  7 adders
  2 worms
  3 dart slugs
  15 orcs
  10 ball pythons
  3 bats
  7 endoplasms
  2 giant cockroaches (D:1)
  3 goblins
  6 hobgoblins
  4 quokkas
  4 frilled lizards
  2 kobolds
  5 rats
110 creatures vanquished.

Vanquished Creatures (others)
  A withered plant (D:7)
1 creature vanquished.

Grand Total: 111 creatures vanquished

Notes
Turn   | Place    | Note
-------+----------+-------------------------------------------
     0 | D:1      | zenocrate the Octopode Transmuter began the quest for the
                  | Orb.
     0 | D:1      | Reached XP level 1. HP: 13/13 MP: 3/3
   222 | D:1      | Reached skill level 1 in Stealth
   222 | D:1      | Reached XP level 2. HP: 14/18 MP: 5/5
   285 | D:1      | Learned a level 2 spell: Wereblood
   388 | D:1      | Reached skill level 1 in Ice Magic
   695 | D:1      | Reached XP level 3. HP: 23/23 MP: 6/6
   965 | D:2      | Found Roh Dokh's Book Shoppe.
  1344 | D:2      | Reached XP level 4. HP: 28/28 MP: 3/7
  1427 | D:2      | Learned a level 4 spell: Ice Form
  1669 | D:3      | Found a radiant altar of Vehumet.
  2218 | D:4      | Reached XP level 5. HP: 22/33 MP: 6/8
  2238 | D:4      | Noticed a phantom
  2353 | D:4      | Killed a phantom
  2548 | D:4      | Reached XP level 6. HP: 24/38 MP: 6/9
  2941 | D:4      | Noticed a black bear
  2946 | D:4      | Killed a black bear
  3145 | D:4      | Found a sacrificial altar of Ru.
  3164 | D:4      | Learned a level 2 spell: Blink
  3178 | D:5      | Entered Level 5 of the Dungeon
  3242 | D:5      | Noticed an ice beast
  3250 | D:5      | Killed an ice beast
  3251 | D:5      | Reached skill level 5 in Unarmed Combat
  3251 | D:5      | Reached XP level 7. HP: 43/43 MP: 5/10
  3710 | D:5      | Found Bebluoq's Tremendous Tomes.
  3868 | D:5      | Reached skill level 5 in Transmutations
  4434 | D:6      | Reached XP level 8. HP: 32/48 MP: 9/11
  4529 | D:6      | Identified the +7 sling "Hivam" {heavy, rF+ rC+ rN+ MP+9}
  4846 | D:6      | Found Qoecroll's Assorted Antiques.
  4854 | D:6      | Bought a pink potion for 24 gold pieces
  4854 | D:6      | Bought a scroll labelled NAINOUM OMMO for 27 gold pieces
  4854 | D:6      | Bought a puce potion for 24 gold pieces
  4854 | D:6      | Bought a scroll labelled SAEPTA JEAMUPT for 27 gold pieces
  5624 | D:7      | Found a staircase to the Ecumenical Temple.
  5634 | Temple   | Entered the Ecumenical Temple
  5688 | Temple   | Became a worshipper of Makhleb the Destroyer
  5980 | Temple   | Reached XP level 9. HP: 45/53 MP: 12/12
  6796 | D:7      | Noticed a troll
  6803 | D:7      | Slain by a troll

Illustrated notes

Levels and vault maps discovered:
D:1:      dpeg_arrival_snail, layout_loops_ring, dk_noncrumbling_4
D:2:      layout_rooms, serial_shops,
          nicolae_shop_temple_entry_statues_fountains
D:3:      layout_loops_ring, lemuel_coloured_pillars_altar
D:4:      layout_gridville, mainiacjoe_overflow_six_doors_small
D:5:      layout_basic, nicolae_shop_i_like_big_books
D:6:      layout_cave_pools, serial_shops, nicolae_shop_advertising_works
          [nicolae_subvault_shop_adworks], minivault_26,
          hangedman_decor_riveting
D:7:      layout_loops_corners, minmay_temple_entry_nine_rooms, serial_undead,
          serial_undead_c, serial_undead_d, serial_undead_e, serial_undead_f,
          serial_bayou_lagoon_a, kb_rosetta
Temple:   nicolae_temple_bog_church

Skill      XL: |  1  2  3  4  5  6  7  8  9 |
---------------+----------------------------+-----
Stealth        | 1 |  1.0
Ice Magic      | 1 2 3 4 |  4.1
Transmutations | 3 4 5 7 8 |  8.1
Unarmed Combat | 4 5 6 7 8 |  8.4
Fighting       | |  1.0
Dodging        | |  2.0
Spellcasting   | |  2.0

Action                     |  1- 3 |  4- 6 |  7- 9 || total
---------------------------+-------+-------+-------++-------
  Melee: Unarmed           |    83 |    70 |   140 ||   293
         Kick              |    17 |    14 |    49 ||    80
         Constrict         |    22 |    21 |    25 ||    68
         Tentacles         |    11 |    17 |    36 ||    64
         Punch             |     3 |     3 |     6 ||    12
   Fire: Sling             |       |       |    20 ||    20
  Throw: Dart              |       |     7 |    10 ||    17
   Cast: Beastly Appendage |    18 |    19 |    22 ||    59
         Wereblood         |     9 |    14 |    13 ||    36
         Ice Form          |       |     1 |       ||     1
  Evoke: Wand              |       |     1 |     3 ||     4
    Use: Scroll            |     1 |       |     3 ||     4
         Potion            |       |     1 |     7 ||     8
   Stab: Sleeping          |    12 |     2 |       ||    14
 Armour: Skin              |     7 |    11 |    27 ||    45
  Dodge: Dodged            |    46 |    36 |    70 ||   152
  Block: Other             |       |     3 |    33 ||    36

Table legend: (Time is in decaauts)
 A = Elapsed time spent in this place.
 B = Non-inter-level travel time spent in this place.
 C = Inter-level travel time spent in this place.
 D = Time resting spent in this place.
 E = Time spent auto-exploring this place.
 F = Levels seen in this place.
 G = Mean time per level.
                   A        B        C        D        E       F      G
               +--------+--------+--------+--------+--------+-----+--------+
         Total |   6789 |   6633 |    156 |    123 |   5478 |   8 |  848.6 |
       Dungeon |   6458 |   6335 |    123 |     28 |   5317 |   7 |  922.6 |
        Temple |    330 |    297 |     33 |     95 |    161 |   1 |  330.0 |
               +--------+--------+--------+--------+--------+-----+--------+

Top non-repeatable levels by time:
     D:7: 1103 daAuts
     D:5: 1088 daAuts
     D:6: 1029 daAuts
     D:4: 1009 daAuts
     D:1: 811 daAuts
     D:3: 789 daAuts
     D:2: 627 daAuts
  Temple: 330 daAuts
